 Dungeon Crawl Stone Soup version 0.30-a0-305-g026cb31310 (webtiles) character file.

Game seed: 1184968095529674637

1599 Iusername the Trooper (level 8, -1/73 HPs)
             Began as a Minotaur Fighter on Oct 21, 2022.
             Succumbed to lunkers's ghost's poison
             ... on level 5 of the Dungeon.
             The game lasted 00:08:55 (5896 turns).

Iusername the Trooper (Minotaur Fighter)            Turns: 5896, Time: 00:08:55

Health: -1/73      AC: 10    Str: 22    XL:     8   Next: 62%
Magic:  7/7        EV:  9    Int:  8    God:
Gold:   259        SH: 10    Dex: 11    Spells: 7/7 levels left

rFire   . . .      SeeInvis .    a - +0 war axe
rCold   . . .      Faith    .    c - +0 buckler
rNeg    . . .      Spirit   .    b - +0 scale mail
rPois   .          Reflect  +    w - +2 hat {Int+3}
rElec   .          Harm     .    (no cloak)
rCorr   .          Rampage  .    (no gloves)
Will    .....                    (no boots)
Stlth   ..........               l - amulet of reflection
HPRegen 0.32/turn                (no ring)
MPRegen 0.10/turn                (no ring)

@: lethally poisoned (-1 -> -27), hasted, very quick
A: horns 2, retaliatory headbutt
a: no special abilities


You were on level 5 of the Dungeon.
You visited 1 branch of the dungeon, and saw 5 of its levels.
You also visited: Sewer and Ossuary.

You collected 259 gold pieces.

Inventory:

Hand Weapons
 a - a +0 war axe (weapon)
Armour
 b - a +0 scale mail (worn)
 c - a +0 buckler (worn)
 w - a +2 hat of intelligence (worn)
Jewellery
 g - a ring of positive energy
 l - an amulet of reflection (around neck)
 o - a +6 ring of intelligence
 u - a ring of protection from fire
Scrolls
 d - 2 scrolls of enchant weapon {unknown}
 e - 2 scrolls of silence
 j - a scroll of summoning {unknown}
 m - a scroll of poison {unknown}
 p - 2 scrolls of enchant armour {unknown}
 s - a scroll of magic mapping {unknown}
 t - a scroll of teleportation {unknown}
 v - a scroll of blinking {unknown}
Potions
 f - a potion of invisibility {unknown}
 k - a potion of flight
 n - a potion of magic


   Skills:
 + Level 7.5 Fighting
 + Level 6.9 Axes
 + Level 7.5 Armour
 + Level 7.4 Shields


You had 7 spell levels left.
You didn't know any spells.
Your spell library contained the following spells:

 Spells                   Type           Power      Damage    Failure   Level
 Beastly Appendage        Tmut           0%         N/A       78%         1
 Wereblood                Tmut           0%         N/A       89%         2
 Spider Form              Tmut/Pois      0%         N/A       98%         3


Dungeon Overview and Level Annotations

Branches:
Dungeon (5/15)              Sewer (visited)         Ossuary (visited)
 Temple: D:4-7

Altars:
Nemelex Xobeh
Ru
Trog
Wu Jian

Shops:
D:4 (

Annotations:
D:3 2 transporters, lonewolfV2's ghost, amateur MiFi
D:5 lunkers's ghost, novice MeWn


Innate Abilities, Weirdness & Mutations

You have a pair of horns on your head.
You reflexively headbutt those who attack you in melee.


Message History

Lunkers's ghost hits you but does no damage.
You are more poisoned.
* * * LOW HITPOINT WARNING * * *
You feel very sick.
* * * LOW HITPOINT WARNING * * *
You feel very sick.
Lunkers's ghost hits you but does no damage.
You are more poisoned.
You miss lunkers's ghost. Your headbutt misses lunkers's ghost.
Lunkers's ghost is almost destroyed.
* * * LOW HITPOINT WARNING * * *
You feel very sick.
You hit lunkers's ghost but do no damage.
Lunkers's ghost is almost destroyed.
You miss the giant cockroach.
* * * LOW HITPOINT WARNING * * *
You feel very sick. Lunkers's ghost casts a spell at you. The sting hits you.
You are more poisoned.
* * * LOW HITPOINT WARNING * * *
The giant cockroach closely misses you.
You bump into the rock wall.
* * * LOW HITPOINT WARNING * * *
You feel very sick.
Lunkers's ghost gestures at you while chanting.
The sting hits you but does no damage.
You are more poisoned.
The giant cockroach bites you but does no damage.
You're too confused to move!
* * * LOW HITPOINT WARNING * * *
You feel very sick. The giant cockroach closely misses you.
Lunkers's ghost hits you.
* * * LOW HITPOINT WARNING * * *
You are more poisoned.
* * * LOW HITPOINT WARNING * * *
You feel very sick.
You feel less invigorated.
You feel less confused.
You die...

#.# #.. #.. #..#
#.# #..# #.#
##..###.#
#.......#
#.......########
#).......#~~~~~~
..
#....@.BW†~~~~?~
.
#........#~~~~~~
#
##.##.#..#######
# #.##.#..# .
#.##....# #
#.###...# # #.#
#...# #### #.#
##..## #... #†#
#...###### #>##


You could see lunkers's ghost and a giant cockroach.

Vanquished Creatures
  2 water moccasins (D:5)
  3 ogres (D:5)
  6 kobold brigands (Sewer)
  A bullfrog (D:5)
  A scorpion (D:4)
  3 hounds
  An orc priest (D:5)
  An iguana (D:4)
  2 orc wizards (D:4)
  3 mummies (Ossuary)
  Robin (D:3)
  13 adders
  2 river rats (Sewer)
  3 shadow imps (D:4)
  3 white imps (D:4)
  7 worms
  2 dart slugs
  21 orcs
  8 bats
  11 endoplasms
  8 giant cockroaches
  10 hobgoblins
  7 jackals (D:4)
  3 quokkas
  9 ball pythons
  5 frilled lizards
  11 goblins
  2 goblin zombies (Ossuary)
  A hobgoblin zombie (Ossuary)
  10 kobolds
  A kobold zombie (Ossuary)
  11 rats
  2 rat zombies (Ossuary)
174 creatures vanquished.

Vanquished Creatures (others)
  5 demonic plants (D:4)
  6 plants (D:3)
11 creatures vanquished.

Grand Total: 185 creatures vanquished

Notes
Turn   | Place    | Note
-------+----------+-------------------------------------------
     0 | D:1      | Iusername the Minotaur Fighter began the quest for the Orb.
     0 | D:1      | Reached XP level 1. HP: 19/19 MP: 0/0
   110 | D:1      | Reached XP level 2. HP: 27/27 MP: 1/1
   756 | D:2      | Reached XP level 3. HP: 30/33 MP: 2/2
   857 | D:2      | Found a faded altar of an unknown god.
  1416 | D:3      | Reached XP level 4. HP: 41/41 MP: 3/3
  1465 | D:3      | Noticed Robin
  1492 | D:3      | Killed Robin
  1584 | D:3      | Reached XP level 5. HP: 44/47 MP: 4/4
  1721 | D:3      | Identified the +5 spear of Death {venom, Int+3}
  1742 | D:3      | Found a transporter.
  1773 | D:3      | Found a transporter.
  2207 | D:3      | Noticed lonewolfV2's ghost (amateur MiFi)
  2253 | D:4      | Found a glowing drain.
  2280 | D:4      | Reached skill level 5 in Fighting
  2280 | D:4      | Reached skill level 5 in Armour
  2289 | Sewer    | Entered a sewer
  2789 | Sewer    | Reached skill level 5 in Shields
  2789 | Sewer    | Reached XP level 6. HP: 47/56 MP: 5/5
  3637 | Sewer    | Reached skill level 5 in Axes
  3637 | Sewer    | Reached XP level 7. HP: 50/62 MP: 6/6
  4078 | D:4      | Found Pima Ath's Antique Weapon Shoppe.
  4675 | D:5      | Entered Level 5 of the Dungeon
  4731 | D:5      | Reached XP level 8. HP: 25/71 MP: 7/7
  5009 | D:5      | Found an ornate altar of the Wu Jian Council.
  5011 | D:5      | Found a sacrificial altar of Ru.
  5011 | D:5      | Found a bloodstained altar of Trog.
  5012 | D:5      | Found a sparkling altar of Nemelex Xobeh.
  5225 | D:5      | Found a sand-covered staircase.
  5235 | Ossuary  | Entered an ossuary
  5792 | D:5      | Found a runed translucent door.
  5852 | D:5      | Noticed lunkers's ghost (novice MeWn)
  5895 | D:5      | HP: 1/73 [poisoned by lunkers's ghost]
  5896 | D:5      | Succumbed to lunkers's ghost's poison

Illustrated notes

Levels and vault maps discovered:
D:1:      minmay_arrival_diagonal_passages, layout_loops_ring
D:2:      layout_loops_cross, chequers_ecumenical_altar_twisty
D:3:      layout_loops_ring, gammafunk_ghost_gnarly_gnolls, uniq_robin
D:4:      layout_gridville, serial_demonic, serial_demonic_c, serial_demonic_g,
          serial_demonic_g, serial_demonic_g, cheibrodos_sewer_entry_drain,
          minmay_shop_grid_forest
D:5:      layout_rooms, chequers_temple_overflow_statue_of_worship,
          chequers_ossuary_entry_cave, ebering_ghost_sewer_f

Skill      XL: |  1  2  3  4  5  6  7  8 |
---------------+-------------------------+-----
Armour         | 4 5 6 7 |  7.5
Fighting       | 4 5 6 7 |  7.5
Axes           | 3 4 5 6 |  6.9
Shields        | 4 5 6 7 |  7.4

Action                   |  1- 3 |  4- 6 |  7- 9 || total
-------------------------+-------+-------+-------++-------
Melee: War axe           |    90 |   194 |   187 ||   471
       Headbutt          |    13 |    22 |    34 ||    69
  Use: Potion            |       |     5 |     5 ||    10
       Scroll            |       |       |     5 ||     5
Armor: Scale mail        |    44 |    82 |    79 ||   205
Dodge: Dodged            |    36 |    92 |    62 ||   190
Block: Buckler           |    22 |    43 |    47 ||   112
       Reflection        |       |       |     1 ||     1

Table legend: (Time is in decaauts)
 A = Elapsed time spent in this place.
 B = Non-inter-level travel time spent in this place.
 C = Inter-level travel time spent in this place.
 D = Time resting spent in this place.
 E = Time spent auto-exploring this place.
 F = Levels seen in this place.
 G = Mean time per level.
                   A        B        C        D        E       F      G
               +--------+--------+--------+--------+--------+-----+--------+
         Total |   6179 |   6064 |    115 |   1598 |   3323 |   7 |  882.7 |
       Dungeon |   3974 |   3859 |    115 |    393 |   2648 |   5 |  794.8 |
         Sewer |   1763 |   1763 |      0 |    821 |    658 |   1 | 1763.0 |
       Ossuary |    441 |    441 |      0 |    384 |     16 |   1 |  441.0 |
               +--------+--------+--------+--------+--------+-----+--------+

Top non-repeatable levels by time:
   Sewer: 1763 daAuts
     D:3: 933 daAuts
     D:4: 877 daAuts
     D:5: 785 daAuts
     D:1: 711 daAuts
     D:2: 665 daAuts
 Ossuary: 441 daAuts
